AoeStats
← nvxd

African Clearing

510815649Analyzed
2v2 RM · 10h ago on Oct 2, 2026· 56m 11s· 4 players
Game mode
Random Map
Map size
Medium (4 player)
Population
200
Speed
Normal
Resources
Standard
Victory
Conquest
Starting age
Dark Age
Ending age
Imperial Age
RankedLock teamsTeams togetherTeam positionsShared explorationLock speedFull tech treeHidden civsTurbo modeCheats
Victory
Defeat
🇨🇿 Huns · Czechia
970
+15
🇩🇪 Vikings · Germany
969
+16
🇲🇽 Byzantines · Mexico
960
-16
🇨🇱 Persians · Chile
958
-15
Kronohx
4:05 Loom
6:12 Loom
24:37 Feudal Age
24:55 Horse Collar
25:02 Double-Bit Axe
27:40 Wheelbarrow
29:20 Castle Age
27:23 Fletching
28:48 Town Watch
30:12 Bow Saw
32:59 Heavy Plow
35:32 Padded Archer Armor
40:28 Stone Mining
50:08 Crossbowman
52:33 Wheelbarrow
52:05 Kamandaran
52:44 Bodkin Arrow
54:51 Thumb Ring
rooniet
6:02 Loom
14:03 Feudal Age
21:11 Double-Bit Axe
22:23 Horse Collar
28:28 Fletching
31:09 Castle Age
34:31 Padded Archer Armor
gerobbes
3:53 Loom
13:49 Feudal Age
nvxd
7:13 Loom
15:40 Feudal Age
17:47 Double-Bit Axe
20:53 Castle Age
20:14 Fletching
20:24 Padded Archer Armor
24:04 Bodkin Arrow
25:36 Bow Saw
27:47 Ballistics
28:45 Leather Archer Armor
33:24 Horse Collar
38:22 Heavy Plow
39:12 Wheelbarrow
38:23 Town Watch
44:49 Imperial Age
43:06 Scale Barding Armor
43:12 Forging
43:24 Bloodlines
43:15 Husbandry
43:57 Gold Mining
43:57 Stone Mining
45:27 Marauders
45:48 Elite Tarkan
46:51 Conscription
46:57 Hand Cart
46:43 Town Patrol
47:51 Two-Man Saw
47:45 Gold Shaft Mining
49:04 Iron Casting
48:49 Chain Barding Armor
49:59 Masonry
50:50 Chemistry
49:45 Murder Holes
52:41 Blast Furnace
52:18 Plate Barding Armor
53:37 Atheism
52:49 Sappers
54:46 Bracer
55:31 Heavy Cavalry Archer
56:38 Parthian Tactics
56:19 Thumb Ring
55:40 Spies/Treason
Connection lost

Rejoining the realm…

Still unreachable

The connection could not be restored.

Session expired

The server has moved on; the page needs a fresh start.